 Dungeon Crawl Stone Soup version 0.30.0-19-g36f170ea60 (webtiles) character file.

Game seed: 3933734485497383858

262 Graphine the Shooter (level 6, 0/48 HPs)
             Began as a Formicid Hunter on May 28, 2023.
             Slain by a jackal (2 damage)
             ... on level 4 of the Dungeon.
             The game lasted 00:08:12 (1885 turns).

Graphine the Shooter (Formicid Hunter)              Turns: 1885, Time: 00:08:12

Health: 0/48       AC:  3    Str: 13    XL:     6   Next: 42%
Magic:  6/6        EV: 12    Int:  9    God:
Gold:   224        SH:  0    Dex: 19    Spells: 5/5 levels left

rFire   . . .        p - +0 sling
rCold   . . .        (no shield)
rNeg    . . .        c - +0 leather armour
rPois   +            (helmet unavailable)
rElec   .            (no cloak)
rCorr   .            (no gloves)
SInv    +            (no boots)
Will    .....        (no amulet)
Stlth   ++           k - ring of poison resistance
HPRegen 0.28/turn    (no ring)
MPRegen 0.10/turn

%: no passive effects
@: no status effects
A: permanent stasis, dig shafts and tunnels, antennae 3, four strong arms, weak
1
a: Dig, Shaft Self


You were on level 4 of the Dungeon.
You visited 1 branch of the dungeon, and saw 4 of its levels.

You collected 224 gold pieces.

Inventory:

Hand Weapons
 j - the +6 arbalest "Damnation" {damnation}
   (You acquired it on level 2 of the Dungeon)
 p - a +0 sling (weapon)
Armour
 c - a +0 leather armour (worn)
Jewellery
 k - a ring of poison resistance (left hand)
Wands
 a - a wand of roots (13)
 s - a wand of mindburst (7)
Scrolls
 b - 2 scrolls of immolation
 i - 2 scrolls of noise
 o - a scroll of teleportation
Potions
 d - a potion of flight
 e - a potion of attraction
 g - a potion of curing
 m - a potion of invisibility {unknown}
 n - a potion of resistance {unknown}
 q - 2 potions of might {unknown}
 r - a potion of degeneration {unknown}


   Skills:
 + Level 4.3 Fighting
 * Level 6.3 Ranged Weapons
 - Level 1.7 Dodging
 - Level 1.2 Stealth


You had 5 spell levels left.
You didn't know any spells.
Your spell library contained the following spells:

 Spells                   Type           Power      Damage    Failure   Level
 Kiss of Death            Conj/Necr      0%         2d5       45%         1
 Lesser Beckoning         Tloc           0%         N/A       61%         2
 Momentum Strike          Conj/Tloc      0%         3d8       61%         2
 Confusing Touch          Hex            0%         N/A       83%         3
 Gell's Gravitas          Tloc           0%         N/A       83%         3
 Teleport Other           Tloc           0%         N/A       83%         3
 Dispel Undead            Necr           0%         3d6       99%         4
 Passage of Golubria      Tloc           0%         N/A       99%         4
 Iskenderun's Battlesphe  Conj           0%         2d6       100%        5
 Silence                  Hex/Air        0%         N/A       100%        5
 Iron Shot                Conj/Erth      0%         9d1       100%        6
 Spellforged Servitor     Conj/Summ      0%         N/A       100%        7
 Lehudib's Crystal Spear  Conj/Erth      0%         10d2      100%        8
 Blink                    Tloc           Unusable   N/A       N/A         2

Dungeon Overview and Level Annotations

Branches:
Dungeon (4/15)
 Temple: D:4-7

Altars:

Shops:
D:1 [   D:3 [


Innate Abilities, Weirdness & Mutations

You cannot be hasted, slowed, berserked, paralysed or teleported.
You can dig through walls and to a lower floor.
You have a pair of large antennae on your head. (SInv)
Your four strong arms can wield two-handed weapons with a shield.
You are weak. (Str -2)


Message History

Aim: an orc, wielding a +0 club (ally target, 64% to hit)
You shoot a sling bullet.
The sling bullet hits the orc priest but does no damage.
The orc priest is lightly wounded.
Something misses your butterfly. The jackal misses your butterfly.
Something barely misses your butterfly.
The orc priest looks braver for a moment.
Fire: p) +0 sling
Press: ? - help, Q - select action, (/) - cycle Shift-Dir - straight line, f/p - orc
Aim: an orc, wielding a +0 club (ally target, 64% to hit)
You shoot a sling bullet.
The sling bullet hits the orc priest but does no damage.
The orc priest is lightly wounded.
You hear an angry hiss.
The jackal barely misses your butterfly.
Something bites your butterfly.
Your butterfly dies!
Your butterfly disappears in a burst of colours!
The orc wizard closely misses your butterfly.
The orc priest barely misses you. The jackal misses your butterfly.
Fire: p) +0 sling
Press: ? - help, Q - select action, (/) - cycle Shift-Dir - straight line, f/p - orc
Aim: an orc, wielding a +0 club (ally target, 64% to hit)
You shoot a sling bullet. The sling bullet hits the orc priest!
The orc priest is severely wounded.
The jackal barely misses your butterfly.
The orc priest completely misses you.
Fire: p) +0 sling
Press: ? - help, Q - select action, (/) - cycle Shift-Dir - straight line, f/p - orc
Aim: an orc, wielding a +0 club (ally target, 64% to hit)
You shoot a sling bullet. The sling bullet hits the orc priest.
The orc priest is almost dead.
The jackal bites you but does no damage.
The orc priest closely misses you.
The orc hits you from afar with a +0 trident.
* * * LOW HITPOINT WARNING * * *
Okay, then.
You are too injured to fight recklessly!
The jackal bites you.
You die...

#####. .......## $....h
.........## ..#..#
..........######......
.......... .....b.. .
#.....{. {..{b.
..###.....### #.b#
.....bb.boo###.#
#...bb.boo@hh#
#..†....####b###
##.b....##.{...##
#.##.........{..b.## #
#.#...........{....##..
#.#.............{......
#.#...................
#..................#..
#####.................#..#


You could see an orc priest (ally target), an orc wizard, 2 orcs and 2 jackals.

Vanquished Creatures
  An ogre (D:4)
  A hound (D:4)
  Jessica (D:3)
  3 gnolls (D:3)
  2 adders
  3 dart slugs
  2 orcs (D:3)
  6 ball pythons
  6 endoplasms
  3 giant cockroaches
  9 goblins
  8 hobgoblins
  3 jackals
  6 kobolds
  3 quokkas
  5 frilled lizards
  6 rats
68 creatures vanquished.

Notes
Turn   | Place    | Note
-------+----------+-------------------------------------------
     0 | D:1      | Graphine the Formicid Hunter began the quest for the Orb.
     0 | D:1      | Reached XP level 1. HP: 16/16 MP: 1/1
    30 | D:1      | Reached XP level 2. HP: 23/23 MP: 2/2
    78 | D:1      | Found a faded altar of an unknown god.
   136 | D:1      | Found Deempotu's Armour Shoppe.
   196 | D:1      | Reached XP level 3. HP: 28/28 MP: 3/3
   899 | D:2      | Reached XP level 4. HP: 35/35 MP: 4/4
   907 | D:2      | Reached skill level 5 in Ranged Weapons
  1115 | D:2      | Identified a scroll of acquirement
  1115 | D:2      | Acquired the +6 arbalest "Damnation" {damnation}
  1115 | D:2      | Found the +6 arbalest "Damnation" {damnation}
  1124 | D:3      | Noticed Jessica
  1127 | D:3      | Killed Jessica
  1271 | D:3      | Found Batraev's Armour Shop.
  1323 | D:3      | Reached XP level 5. HP: 41/41 MP: 5/5
  1854 | D:4      | Noticed an ogre
  1856 | D:4      | Killed an ogre
  1857 | D:4      | Reached skill level 6 in Ranged Weapons
  1857 | D:4      | Reached XP level 6. HP: 20/48 MP: 6/6
  1865 | D:4      | HP: 2/48 [orc priest/divine providence (17)]
  1875 | D:4      | Gained mutation: You are weak. (Str -2) [potion of
                  | mutation]
  1880 | D:4      | HP: 2/48 [orc priest/+0 flail (5)]
  1885 | D:4      | Slain by a jackal

Illustrated notes

Levels and vault maps discovered:
D:1:      minmay_arrival_arboretum_small, layout_rooms,
          chequers_ecumenical_altar_grove, serial_shops,
          nicolae_shop_statue_plus, hangedman_abyss_or_decor_lesser_grid,
          minmay_pentomino_z2
D:2:      layout_basic, minmay_goblin_outpost
D:3:      layout_loops_ring, serial_shops, nicolae_shop_crystal,
          kennysheep_generic_room_6, uniq_jessica
D:4:      layout_rooms, minmay_manual_monstrance, uniq_blork_the_orc,
          uniq_menkaure

Skill      XL: |  1  2  3  4  5 |
---------------+----------------+-----
Fighting       | 3 4 |  4.3
Ranged Weapons | 5 6 |  6.3
Dodging        | |  1.7
Stealth        | |  1.2

Action                     |  1- 3 |  4- 6 || total
---------------------------+-------+-------++-------
   Fire: Shortbow          |    70 |    24 ||    94
         Arbalest          |       |    30 ||    30
         Sling             |       |     7 ||     7
Ability: Dig               |     4 |       ||     4
    Use: Scroll            |     2 |     6 ||     8
         Potion            |       |     3 ||     3
 Armour: Leather armour    |     6 |     5 ||    11
  Dodge: Dodged            |     8 |    14 ||    22
